[ AOE2 MATCH · #506466005 ]
UnrankedMongols vs Goths
Player's team · LOSS
Rival team · WIN
[ REPLAY ANALYSIS · EXTRACTED FROM THE RECORDED GAME ]
Feudal
—
Castle
—
Imperial
—
| APM avg | 65.3 |
| APM peak | 82 |
| eAPM avg | 14.0 |
| Villagers / military | 16 / 0 |
Focus
⚔️ 24.1% · 🌾 75.9%
Feudal
—
Castle
—
Imperial
—
| APM avg | 112.8 |
| APM peak | 132 |
| eAPM avg | 51.7 |
| Villagers / military | 22 / 8 |
Focus
⚔️ 30.9% · 🌾 69.1%
Militia ×8
Match map
Initial resources + every placement click. Lines = walls · curves = elevation contours. ◆ gold · ⬟ stone · ● berries · ✦ relic · ◌ wall gap
Your base
Kubiasty's base
Smoothed initial terrain · ◌ = detected wall gap · hover for details
Inputs per minute
— Guthrie_Govan - - Kubiasty
Build order — Guthrie_Govan
31 actions detected in the replay
| 0:00 | Queue | Villager (Male) |
| 0:00 | Queue | Villager (Male) |
| 0:00 | Queue | Villager (Male) |
| 0:01 | Queue | Villager (Male) |
| 0:02 | Build | House |
| 0:03 | Build | House |
| 1:25 | Queue | Villager (Male) |
| 1:48 | Build | Lumber Camp |
| 2:01 | Queue | Villager (Male) |
| 2:29 | Queue | Villager (Male) |
| 2:30 | Queue | Villager (Male) |
| 2:49 | Queue | Villager (Male) |
| 3:21 | Build | House |
| 3:21 | Build | House |
| 3:41 | Queue | Villager (Male) |
| 3:48 | Queue | Villager (Male) |
| 3:59 | Queue | Villager (Male) |
| 4:49 | Queue | Villager (Male) |
| 4:57 | Queue | Villager (Male) |
| 5:27 | Build | Mill |
| 5:50 | Build | Palisade Wall |
| 5:51 | Build | Palisade Wall |
| 5:55 | Build | Palisade Wall |
| 5:57 | Build | Palisade Wall |
| 6:00 | Build | Palisade Wall |
| 6:02 | Build | House |
| 6:27 | Research | Loom |
| 6:27 | Research | Loom |
| 6:43 | Queue | Villager (Male) |
| 6:48 | Queue | Villager (Male) |
| 7:29 | Build | Town Center |
Build order — Kubiasty
62 actions detected in the replay
| 0:01 | Queue | Villager (Male) |
| 0:02 | Build | House |
| 0:03 | Build | House |
| 0:05 | Queue | Villager (Male) |
| 0:10 | Queue | Villager (Male) |
| 0:11 | Queue | Villager (Male) |
| 1:25 | Queue | Villager (Male) |
| 1:25 | Queue | Villager (Male) |
| 1:53 | Queue | Villager (Male) |
| 1:54 | Queue | Villager (Male) |
| 1:54 | Queue | Villager (Male) |
| 2:19 | Queue | Villager (Male) |
| 2:37 | Queue | Villager (Male) |
| 2:42 | Build | House |
| 2:45 | Build | House |
| 3:48 | Build | Barracks |
| 3:53 | Queue | Villager (Male) |
| 3:53 | Queue | Villager (Male) |
| 4:30 | Queue | Villager (Male) |
| 4:41 | Queue | Militia |
| 4:41 | Queue | Militia |
| 4:42 | Queue | Militia |
| 4:45 | Build | Palisade Wall |
| 4:45 | Build | House |
| 5:01 | Queue | Villager (Male) |
| 5:01 | Queue | Villager (Male) |
| 5:01 | Queue | Villager (Male) |
| 5:21 | Queue | Militia |
| 5:21 | Queue | Militia |
| 5:30 | Build | Palisade Wall |
| 5:42 | Queue | Villager (Male) |
| 5:59 | Queue | Militia |
| 5:59 | Queue | Militia |
| 6:02 | Queue | Militia |
| 6:12 | Build | Palisade Wall |
| 6:13 | Build | Palisade Wall |
| 6:13 | Build | Palisade Wall |
| 6:13 | Build | Palisade Wall |
| 6:13 | Build | Palisade Wall |
| 6:14 | Build | Palisade Wall |
| 6:14 | Build | Palisade Wall |
| 6:14 | Build | Palisade Wall |
| 6:14 | Build | Palisade Wall |
| 6:14 | Build | Palisade Wall |
| 6:15 | Build | Palisade Wall |
| 6:15 | Build | Palisade Wall |
| 6:15 | Build | Palisade Wall |
| 6:15 | Build | Palisade Wall |
| 6:15 | Build | Palisade Wall |
| 6:31 | Queue | Villager (Male) |
| 6:34 | Queue | Villager (Male) |
| 6:40 | Build | Palisade Wall |
| 6:44 | Build | Palisade Wall |
| 6:58 | Queue | Villager (Male) |
| 6:58 | Queue | Villager (Male) |
| 7:16 | Build | Mining Camp |
| 7:26 | Build | House |
| 7:56 | Build | Palisade Wall |
| 7:58 | Build | Palisade Wall |
| 8:02 | Build | Palisade Wall |
| 8:29 | Build | Palisade Wall |
| 8:39 | Build | Palisade Wall |
Match timeline
| 3:48 | Kubiasty · first_building Barracks |
| 4:45 | Kubiasty · wall_segment Palisade Wall x1 |
| 5:30 | Kubiasty · wall_segment Palisade Wall x1 |
| 5:50 | Guthrie_Govan · wall_segment Palisade Wall x1 |
| 5:51 | Guthrie_Govan · wall_segment Palisade Wall x1 |
| 5:55 | Guthrie_Govan · wall_segment Palisade Wall x1 |
| 5:57 | Guthrie_Govan · wall_segment Palisade Wall x1 |
| 6:00 | Guthrie_Govan · wall_segment Palisade Wall x1 |
| 6:12 | Kubiasty · wall_segment Palisade Wall x1 |
| 6:13 | Kubiasty · wall_segment Palisade Wall x1 |
| 6:13 | Kubiasty · wall_segment Palisade Wall x1 |
| 6:13 | Kubiasty · wall_segment Palisade Wall x2 |
| 6:13 | Kubiasty · wall_segment Palisade Wall x2 |
| 6:14 | Kubiasty · wall_segment Palisade Wall x1 |
| 6:14 | Kubiasty · wall_segment Palisade Wall x1 |
| 6:14 | Kubiasty · wall_segment Palisade Wall x2 |
| 6:14 | Kubiasty · wall_segment Palisade Wall x1 |
| 6:14 | Kubiasty · wall_segment Palisade Wall x2 |
| 6:15 | Kubiasty · wall_segment Palisade Wall x2 |
| 6:15 | Kubiasty · wall_segment Palisade Wall x2 |
| 6:15 | Kubiasty · wall_segment Palisade Wall x3 |
| 6:15 | Kubiasty · wall_segment Palisade Wall x3 |
| 6:15 | Kubiasty · wall_segment Palisade Wall x2 |
| 6:40 | Kubiasty · wall_segment Palisade Wall x1 |
| 6:44 | Kubiasty · wall_segment Palisade Wall x1 |
| 7:56 | Kubiasty · wall_segment Palisade Wall x1 |
| 7:58 | Kubiasty · wall_segment Palisade Wall x1 |
| 8:02 | Kubiasty · wall_segment Palisade Wall x1 |
| 8:29 | Kubiasty · wall_segment Palisade Wall x1 |
| 8:39 | Kubiasty · wall_segment Palisade Wall x1 |
| 8:39 | Guthrie_Govan · resign |
[ AI ANALYSIS · 1 CREDIT ]
What really happened in this match?
Wolo.gg analyzes every decision: build order, eco, micro, common mistakes by bracket. Personalized analysis on WhatsApp or Discord in 30 seconds.
Civ guide
Mongols
Perfil
Jugador #4224302